Map: Cerulean Fall LE

Players

uThermaL

  • Race: Terran Terran
  • Spawn Location: 1:00

Denver - Winner!

  • Race: Zerg Zerg
  • Spawn Location: 7:00

Event: WCS Montreal 2018

VOD

Have the link to the VOD?

Description

Time

  • Played on: Sept. 8, 2018, 3:23 p.m.
  • Length: 6:58

All games in this series

Show
View Real Time Build Order
Export as new Build Order

uThermaL Terran 

Build Orders:  

Get SALT Encoding   

  12  0:01  SCV  
  13  0:13  SCV  
  14  0:18  Supply Depot  
  14  0:25  SCV  
  15  0:40  Barracks  
  15  0:43  SCV  
  16  0:55  Barracks  
  16  0:59  SCV  
  17  1:04  Refinery  
  17  1:11  SCV  
  18  1:27  Orbital Command, Marine  
  19  1:40  Bunker  
  19  1:42  Marine  
  19  1:45  Marine  
  21  1:49  Supply Depot  
  21  1:55  SCV  
  22  2:01  Marine  
  23  2:09  Marine  
  23  2:13  Factory  
  23  2:20  Marine  
  24  2:25  Bunker, SCV  
  24  2:27  Marine  
  25  2:37  Marine, SCV  
  27  2:46  Supply Depot, Marine  
  27  2:49  SCV  
  29  2:55  Marine  
  30  2:58  Factory Reactor  
  30  3:03  SCV  
  29  3:17  Command Center  
  26  3:22  SCV  
  27  3:28  Starport  
  27  3:34  Hellion  
  27  3:37  Hellion  
  27  3:40  SCV  
  32  3:46  Refinery  
  32  3:54  SCV  
  33  3:57  Supply Depot  
  33  4:04  Medivac  
  33  4:05  Hellion  
  33  4:07  SCV  
  38  4:19  Hellion  
  38  4:24  SCV  
  38  4:27  Hellion  
  38  4:28  Liberator  
  41  4:36  SCV  
  42  4:44  Hellion  
  47  4:48  SCV  
  47  4:49  Barracks Tech Lab  
  48  4:59  Orbital Command  
  48  5:00  SCV  
  49  5:12  SCV  
  50  5:17  Cyclone x2  
  54  5:25  SCV x2  
  54  5:36  Supply Depot  
  54  5:37  Marine, SCV  
  54  5:39  SCV  
  57  5:49  SCV  
  58  5:50  Supply Depot  
  58  5:54  SCV  
  59  5:59  Factory Tech Lab  
  59  6:04  SCV  
  59  6:05  Command Center  
  59  6:07  Marine  
  59  6:08  SCV  
  61  6:18  Siege Tank  
  57  6:19  SCV  
Show
View Real Time Build Order
Export as new Build Order

Denver Zerg - Winner!

Build Orders: Pool First 

Get SALT Encoding   

  12  0:01  Drone  
  13  0:13  Overlord  
  13  0:17  Drone  
  14  0:31  Drone x2  
  16  0:42  Spawning Pool  
  15  0:46  Drone  
  15  0:49  Drone  
  17  1:09  Hatchery  
  16  1:13  Drone  
  17  1:29  Zergling x6  
  20  1:33  Queen  
  20  1:38  Extractor  
  21  1:42  Overlord  
  21  1:53  Drone  
  22  2:03  Zergling x2  
  22  2:10  Queen  
  22  2:16  Roach Warren, Zergling x2  
  22  2:21  Zergling x2  
  23  2:32  Queen  
  23  2:34  Drone  
  26  2:38  Zergling x2  
  26  2:39  Zergling x2  
  28  2:45  Zergling x2  
  28  2:48  Drone  
  30  2:55  Zergling x2  
  30  2:58  Drone  
  32  3:08  Zergling x6  
  30  3:15  Drone x2  
  32  3:20  Drone  
  32  3:26  Lair  
  32  3:29  Drone  
  33  3:38  Drone  
  33  3:40  Overlord  
  34  3:42  Drone  
  35  3:56  Overlord  
  35  3:59  Drone x2  
  35  4:00  Drone x3  
  35  4:02  Drone  
  41  4:08  Drone x2  
  43  4:13  Overlord  
  43  4:17  Overlord  
  43  4:24  Glial Reconstitution  
  43  4:27  Extractor  
  43  4:28  Roach x2  
  43  4:32  Roach x2  
  43  4:35  Drone x2  
  48  4:39  Drone x2  
  50  4:50  Hatchery  
  49  4:53  Roach  
  49  4:56  Overlord  
  49  4:59  Overseer  
  51  5:04  Drone  
  52  5:08  Overlord, Evolution Chamber  
  52  5:13  Evolution Chamber  
  50  5:16  Roach x2  
  52  5:26  Roach x3  
  58  5:32  Roach x2  
  62  5:40  Roach x2  
  66  5:46  Roach  
  66  5:47  Overlord  
  68  5:54  Overlord  
  68  5:58  Extractor  
  67  6:05  Roach x3  
  67  6:06  Overlord  
  70  6:15  Zergling x4, Roach  
  61  6:27  Roach  
  61  6:28  Roach  
Tags
 
Add a new tag
Caveats
  • Supply blocks, unpowered buildings, or Contaminate may cause inaccurate times.
  • Supply counts are checked every 10 seconds.